 Dungeon Crawl Stone Soup version 0.30-a0-137-gd8773701ce (webtiles) character file.

Game seed: 9367124761093659831

13437 juncz the Fighter (level 12, -2/98 HPs)
             Began as a Djinni Conjurer on Sept 23, 2022.
             Was an Elder of Makhleb.
             Slain by an orc warrior
             ... wielding a +0 halberd
              (19 damage)
             ... on level 9 of the Dungeon.
             The game lasted 00:28:32 (14702 turns).

juncz the Fighter (Djinni Conjurer)                Turns: 14702, Time: 00:28:32

Health: -2/98      AC:  5    Str:  6    XL:     12   Next: 32%
Gold:   546        EV: 12    Int: 23    God:    Makhleb [****..] SH:  0 Dex: 14

rFire   + + .      SeeInvis .    l - staff of earth
rCold   . . .      Faith    .    (no shield)
rNeg    . . .      Spirit   .    a - +0 robe
rPois   ∞          Reflect  .    f - +1 helmet
rElec   .          Harm     .    D - +0 cloak
rCorr   .          Rampage  .    (no gloves)
Will    +....                    (boots unavailable)
Stlth   ++........               (no amulet)
HPRegen 0.26/turn                j - ring of wizardry
MPRegen 0.00/turn                s - ring of protection from cold

@: flying
A: sickness immunity, fire resistance 2, cold vulnerability 1, float, innate
caster, HP casting, extra vitality 1
a: Renounce Religion, Minor Destruction, Lesser Servant of Makhleb, Major
Destruction


You were on level 9 of the Dungeon.
You worshipped Makhleb.
Makhleb was greatly pleased with you.
You visited 2 branches of the dungeon, and saw 10 of its levels.
You also visited: Ossuary and Bailey.

You collected 570 gold pieces.
You spent 24 gold pieces at shops.

Inventory:

Missiles
 N - 2 throwing nets
Armour
 a - a +0 robe (worn)
 f - a +1 helmet (worn)
 D - a +0 cloak (worn)
Magical Staves
 l - a staff of earth (weapon)
Jewellery
 j - a ring of wizardry (left hand)
 r - a ring of fire
 s - a ring of protection from cold (right hand)
 E - a ring of protection from fire
 F - a +4 ring of evasion
 G - a +6 ring of strength
 M - the ring of Ucaneh {*Corrode rN+ Int+6 Dex+2}
   (You found it in a bailey)

   [ring of intelligence]

   Int:       It affects your intelligence (+6).
   Dex:       It affects your dexterity (+2).
   rN:        It protects you from negative energy.
   *Corrode:  It may corrode you when you take damage.
Wands
 c - a wand of iceblast (8)
 q - a wand of charming (4)
 P - a wand of polymorph (8)
Scrolls
 b - 3 scrolls of amnesia {unknown}
 e - a scroll of fog {unknown}
 g - 5 scrolls of fear
 h - 6 scrolls of identify {unknown}
 i - 2 scrolls of immolation {unknown}
 k - 2 scrolls of brand weapon {unknown}
 m - a scroll of magic mapping {unknown}
 t - 2 scrolls of poison {unknown}
 u - 2 scrolls of blinking
 v - 5 scrolls of teleportation {unknown}
 x - a scroll of vulnerability {unknown}
 y - 3 scrolls of enchant weapon {unknown}
 H - a scroll of summoning {unknown}
Potions
 d - a potion of heal wounds
 n - 2 potions of mutation {unknown}
 o - 6 potions of curing
 p - 3 potions of cancellation {unknown}
 w - 2 potions of lignification {unknown}
 z - 2 potions of berserk rage {unknown}
 A - 2 potions of attraction {unknown}
 B - 2 potions of ambrosia {unknown}
 C - 3 potions of flight {unknown}
 I - a potion of haste {unknown}
 J - 3 potions of magic {unknown}
 K - a potion of might
 L - a potion of brilliance {unknown}
 O - 2 potions of resistance {unknown}


   Skills:
 + Level 13.4 Fighting
 - Level 2.1 Dodging
 - Level 1.5 Stealth
 + Level 11.0 Spellcasting


You had 5 spell levels left.
You knew the following spells:

 Your Spells              Type           Power      Damage    Failure   Level
a - Magic Dart            Conj           100%       1d8       1%          1
b - Searing Ray           Conj           100%       2d8       1%          2
c - Dazzling Flash        Conj/Hex       100%       N/A       1%          3
d - Fulminant Prism       Conj/Hex       29%        3d14      1%          4
e - Iskenderun's Mystic   Conj/Tloc      59%        2d12      1%          4
f - Freeze                Ice            100%       1d11      1%          1
g - Passwall              Tmut/Erth      63%        N/A       1%          2
h - Spider Form           Tmut/Pois      59%        N/A       1%          3
i - Anguish               Hex/Necr       29%        N/A       1%          4
j - Leda's Liquefaction   Hex/Erth       38%        N/A       1%          4
Your spell library was empty.

Dungeon Overview and Level Annotations

Branches:
Dungeon (9/15)             Temple (1/1) D:4         Ossuary (visited)
 Bailey (visited)
   Lair: D:8-11         Orc: D:9-12

Altars:
Ashenzari
Cheibriados
Dithmenos
Elyvilon
Fedhas
Gozag
Hepliaklqana
Makhleb
Nemelex Xobeh
Okawaru
Qazlal
Ru
Trog
Uskayaw
Wu Jian
Xom
Yredelemnul
Zin
The Shining One

Shops:
D:2 (   D:5 [*

Portals:
Abyss: D:3

Annotations:
D:3 2 transporters, Palms's ghost, amateur MfWn


Innate Abilities, Weirdness & Mutations

You are immune to sickness and miasma.
You are immune to poison.
Your flesh is very heat resistant. (rF++)
You are vulnerable to cold. (rC-)
You float through the air rather than walking.
You learn spells naturally, not from books.
Your magical power is your life essence.
You have superior vitality. (+4 MHP)


Message History

Casting: Iskenderun's Mystic Blast (safe; 1% risk of failure)
Confirm with . or Enter, or press ? or * to list all spells.
You erupt in a blast of force!
The mystic blast hits the orc wizard!
You kill the orc wizard!
Makhleb accepts your kill.
You feel better.
The mystic blast hits the warg!
You kill the warg!
Makhleb accepts your kill.
You feel better.
The mystic blast hits the orc!
You kill the orc!
Makhleb accepts your kill.
The mystic blast hits the warg!
The warg is severely wounded.
The warg is knocked back by the mystic blast.
The warg collides with the orc warrior!
The orc warrior is lightly wounded.
The warg is almost dead.
* * * LOW HITPOINT WARNING * * *
You feel much better.
Casting: Iskenderun's Mystic Blast (safe; 1% risk of failure)
Confirm with . or Enter, or press ? or * to list all spells.
You erupt in a blast of force!
The mystic blast hits the orc warrior!
The orc warrior is heavily wounded.
The orc warrior is knocked back by the mystic blast.
The mystic blast hits the warg!
You kill the warg!
Makhleb accepts your kill.
You feel better.
The orc warrior shoots a bolt.
The bolt hits you!
* * * LOW HITPOINT WARNING * * *
Items here: ) [ ††.
Casting: Iskenderun's Mystic Blast (safe; 1% risk of failure)
Confirm with . or Enter, or press ? or * to list all spells.
You erupt in a blast of force!
The mystic blast hits the orc warrior!
The orc warrior is almost dead.
The orc warrior is knocked back by the mystic blast.
* * * LOW HITPOINT WARNING * * *
The orc warrior unwields a +0 arbalest.
The orc warrior wields a +0 halberd.
The orc warrior hits you with a +0 halberd!!
You die...

#.......# ....
....... .... .....
.....
###...###.....
#.............
#..)))$.......
#..)..........
#...).@o......
#.......<.....
#.....).......
#.............
#.......!.....
#.............
#.....).......
#....†........
#####.............


You could see an orc warrior.

Vanquished Creatures
  An orc warlord (Bailey)
  A two-headed ogre (D:9)
  6 yaks (D:8)
  2 wraiths
  2 steam dragons (D:8)
  2 wargs (D:9)
  2 water moccasins
  2 ice beasts
  16 orc warriors
  A black bear (D:5)
  4 ogres
  A phantom (D:5)
  An elf zombie (Ossuary)
  A kobold brigand (D:7)
  4 bullfrogs
  2 gnoll sergeants
  2 necrophages (D:6)
  3 wights (D:8)
  12 killer bees
  3 howler monkeys
  A human zombie (Ossuary)
  5 hounds
  4 orc priests
  4 iguanas
  13 orc wizards
  3 mummies (Ossuary)
  Robin (D:2)
  8 adders
  23 gnolls
  A shadow imp (D:6)
  An ufetubus (D:6)
  2 worms
  2 dart slugs (D:4)
  42 orcs
  8 ball pythons
  8 endoplasms
  3 giant cockroaches (D:1)
  23 goblins
  17 hobgoblins
  3 jackals (D:5)
  11 kobolds
  6 quokkas
  A bat (D:2)
  3 frilled lizards
  2 gnoll zombies (Ossuary)
  2 goblin zombies (Ossuary)
  A hobgoblin zombie (Ossuary)
  A kobold zombie (Ossuary)
  An orc zombie (Ossuary)
  6 rats
  2 fulminant prisms
276 creatures vanquished.

Vanquished Creatures (others)
  2 fulminant prisms
2 creatures vanquished.

Grand Total: 278 creatures vanquished

Notes
Turn   | Place    | Note
-------+----------+-------------------------------------------
     0 | D:1      | juncz the Djinni Conjurer began the quest for the Orb.
     0 | D:1      | juncz set off with the following spells memorised: Magic
                  | Dart, Searing Ray, Dazzling Flash, Fulminant Prism,
                  | Iskenderun's Mystic Blast.
     0 | D:1      | Reached XP level 1. HP: 15/15 MP: 0/0
   333 | D:1      | Reached skill level 1 in Fighting
   333 | D:1      | Reached XP level 2. HP: 21/22 MP: 0/0
  1047 | D:1      | Reached XP level 3. HP: 25/27 MP: 0/0
  1047 | D:1      | Learned a level 1 spell: Freeze
  1560 | D:2      | Noticed Robin
  1568 | D:2      | Killed Robin
  1569 | D:2      | Reached skill level 2 in Fighting
  1572 | D:2      | Reached XP level 4. HP: 11/33 MP: 0/0
  1933 | D:2      | Found Iceaser's Weapon Shop.
  2824 | D:3      | Noticed a small abomination
  2826 | D:3      | Found a transporter.
  2835 | D:3      | Found a transporter.
  2862 | D:3      | Found a faded altar of an unknown god.
  2903 | D:3      | Reached skill level 3 in Fighting
  2903 | D:3      | Reached XP level 5. HP: 12/40 MP: 0/0
  2903 | D:3      | Learned a level 2 spell: Passwall
  3726 | D:3      | Noticed Palms's ghost (amateur MfWn)
  3727 | D:3      | Found a one-way gate to the infinite horrors of the Abyss.
  3973 | D:4      | Reached XP level 6. HP: 36/47 MP: 0/0
  4045 | D:4      | Found a staircase to the Ecumenical Temple.
  4060 | Temple   | Entered the Ecumenical Temple
  4267 | Temple   | Became a worshipper of Makhleb the Destroyer
  4338 | D:4      | Reached skill level 4 in Fighting
  4869 | D:4      | Found a hazy altar of Hepliaklqana.
  4915 | D:4      | Noticed an ice beast
  4921 | D:4      | Killed an ice beast
  4922 | D:4      | Reached skill level 5 in Spellcasting
  4922 | D:4      | Reached XP level 7. HP: 34/53 MP: 0/0
  4922 | D:4      | Learned a level 3 spell: Spider Form
  5426 | D:5      | Entered Level 5 of the Dungeon
  5515 | D:5      | Reached skill level 5 in Fighting
  5519 | D:5      | Found a sand-covered staircase.
  5536 | Ossuary  | Entered an ossuary
  5536 | Ossuary  | Noticed a wraith
  5536 | Ossuary  | Noticed a wraith
  5536 | Ossuary  | Noticed a wraith
  6790 | Ossuary  | Noticed a wraith
  6797 | Ossuary  | Killed a wraith
  6798 | Ossuary  | Reached skill level 6 in Fighting
  6798 | Ossuary  | Reached XP level 8. HP: 31/61 MP: 0/0
  7470 | D:5      | Found Borruc's CLEARANCE SALE!.
  7473 | D:5      | Bought a scroll of fear for 16 gold pieces
  7473 | D:5      | Bought 2 scrolls of noise for 8 gold pieces
  7603 | D:5      | Reached * piety under Makhleb
  7852 | D:5      | Found a sacrificial altar of Ru.
  8021 | D:5      | Found Vewikiukk's Armour Shop.
  8191 | D:5      | Reached skill level 7 in Fighting
  8428 | D:6      | Found a sparkling altar of Nemelex Xobeh.
  9006 | D:6      | Reached XP level 9. HP: 49/68 MP: 0/0
  9006 | D:6      | Learned a level 4 spell: Anguish
  9335 | D:6      | Reached skill level 8 in Fighting
  9702 | D:6      | Found an iron altar of Okawaru.
 10517 | D:6      | Found an ornate altar of the Wu Jian Council.
 10905 | D:7      | Found a flagged portal.
 10915 | Bailey   | Entered a bailey
 11425 | Bailey   | Reached ** piety under Makhleb
 11649 | Bailey   | Reached skill level 9 in Fighting
 11653 | Bailey   | Reached XP level 10. HP: 49/78 MP: 0/0
 12228 | Bailey   | Noticed an orc warlord
 12237 | Bailey   | Reached skill level 10 in Fighting
 12304 | Bailey   | Killed an orc warlord
 12658 | Bailey   | Identified the ring of Ucaneh {*Corrode rN+ Int+6 Dex+2}
 12900 | D:7      | Reached *** piety under Makhleb
 13812 | D:7      | Reached skill level 12 in Fighting
 13812 | D:7      | Reached skill level 10 in Spellcasting
 13812 | D:7      | Reached XP level 11. HP: 90/90 MP: 0/0
 13812 | D:7      | Learned a level 4 spell: Leda's Liquefaction
 13839 | D:8      | Reached XP level 12. HP: 80/96 MP: 0/0
 13846 | D:8      | Reached skill level 13 in Fighting
 14334 | D:8      | Reached **** piety under Makhleb
 14674 | D:9      | Noticed a two-headed ogre
 14683 | D:9      | Killed a two-headed ogre
 14702 | D:9      | Slain by an orc warrior

Illustrated notes

Levels and vault maps discovered:
D:1:      eino_arrival_tree_alley, layout_loops_ring
D:2:      layout_basic, serial_shops, shop, uniq_robin
D:3:      layout_loops_ring, gammafunk_ghost_abyssal_escape,
          ebering_ecumenical_altar_box, minmay_door_square,
          hangedman_feature_mirror
D:4:      layout_rooms, mainiacjoe_overflow_six_doors_small,
          minmay_temple_entry_stoned_glass, kennysheep_nub,
          kennysheep_generic_room_14
D:5:      layout_loops_ring, mainiacjoe_overflow_brackets, serial_shops,
          nicolae_lakefront_shop, nicolae_ossuary_entry_plus,
          hangedman_glass_teeth, nicolae_shop_clearance
D:6:      layout_rooms, nzn_wu_jian_council_hall,
          mainiacjoe_overflow_small_starburst, overflow_temple_1_default
D:7:      layout_gridville, enter_bailey_2, kennysheep_generic_room_3
D:8:      layout_rooms
D:9:      minmay_cornered_nines, layout_long_grid, marbit_many_paths,
          erik_lair_orcish_takeover
Temple:   eino_temple_scatter_basement

Skill      XL: |  1  2  3  4  5  6  7  8  9 10 11 12 |
---------------+-------------------------------------+-----
Fighting       | 1 2 3 4 6 7 9 12 13 | 13.4
Spellcasting   | 4 5 6 8 10 11 | 11.0
Dodging        | |  2.1
Stealth        | |  1.5

Action                   |  1- 3 |  4- 6 |  7- 9 | 10-12 || total
-------------------------+-------+-------+-------+-------++-------
Melee: Unarmed           |       |       |     7 |       ||     7
       Staff             |       |       |     3 |     3 ||     6
 Cast: Magic Dart        |    71 |   126 |    68 |       ||   265
       Freeze            |     6 |    14 |     1 |       ||    21
       Iskenderun's Myst |       |     4 |   121 |    96 ||   221
       Fulminant Prism   |       |     2 |       |     2 ||     4
Evoke: Wand              |       |     1 |       |     6 ||     7
  Use: Scroll            |       |       |     1 |     1 ||     2
       Potion            |       |       |       |     5 ||     5
Armor: Robe              |       |     1 |    14 |    11 ||    26
Dodge: Dodged            |     5 |     4 |    62 |    33 ||   104

Table legend: (Time is in decaauts)
 A = Elapsed time spent in this place.
 B = Non-inter-level travel time spent in this place.
 C = Inter-level travel time spent in this place.
 D = Time resting spent in this place.
 E = Time spent auto-exploring this place.
 F = Levels seen in this place.
 G = Mean time per level.
                   A        B        C        D        E       F      G
               +--------+--------+--------+--------+--------+-----+--------+
         Total |  14701 |  14414 |    287 |   5910 |   7029 |  12 | 1225.1 |
       Dungeon |  10867 |  10623 |    244 |   3490 |   6132 |   9 | 1207.4 |
        Temple |    217 |    174 |     43 |      0 |    158 |   1 |  217.0 |
       Ossuary |   1644 |   1644 |      0 |    925 |    475 |   1 | 1644.0 |
        Bailey |   1971 |   1971 |      0 |   1495 |    264 |   1 | 1971.0 |
               +--------+--------+--------+--------+--------+-----+--------+

Top non-repeatable levels by time:
     D:5: 2247 daAuts
  Bailey: 1971 daAuts
 Ossuary: 1644 daAuts
     D:2: 1561 daAuts
     D:6: 1552 daAuts
     D:1: 1411 daAuts
     D:4: 1378 daAuts
     D:7: 975 daAuts
     D:3: 857 daAuts
     D:8: 855 daAuts
  Temple: 217 daAuts
     D:9: 27 daAuts
